 Dungeon Crawl Stone Soup version 0.30-a0-782-ge64f9170bb (webtiles) character file.

Game seed: 16242437416398561666

1374 Crownlay the Geomancer (level 8, -1/67 HPs)
             Began as a Gargoyle Earth Elementalist on Mar 18, 2023.
             Was a Follower of Vehumet.
             Slain by a centaur (2 damage)
             ... on level 6 of the Dungeon.
             The game lasted 00:07:04 (5654 turns).

Crownlay the Geomancer (GrEE)                       Turns: 5654, Time: 00:07:04

Health: -1/67      AC: 24    Str: 11    XL:     8   Next: 66%
Magic:  7/15       EV:  2    Int: 19    God:    Vehumet [*.....]
Gold:   327        SH:  0    Dex: 10    Spells: 12/16 levels left

rFire   + . .      SeeInvis .    s - +2 war axe (vamp)
rCold   + . .      Faith    .    (no shield)
rNeg    + . .      Spirit   .    (body armour currently unavailable)
rPois   ∞          Reflect  .    (helmet currently unavailable)
rElec   +          Harm     .    (cloak currently unavailable)
rCorr   +          Rampage  .    (gloves currently unavailable)
Will    .....      NoTele   +    (boots currently unavailable)
Stlth   ++                       (no amulet)
HPRegen 0.31/turn                f - ring of resist corrosion
MPRegen 0.14/turn                (no ring)

@: tree-form, resistant, attractive, hasted, very quick
A: stationary, stasis, torment immunity, boosted hp, sickness immunity, AC +5,
negative energy resistance 1, (electricity resistance), torment resistance 1,
petrification resistance
a: Renounce Religion


You were on level 6 of the Dungeon.
You worshipped Vehumet.
Vehumet was aware of your devotion.
You were a tree.
You visited 2 branches of the dungeon, and saw 7 of its levels.

You collected 327 gold pieces.

Inventory:

Hand Weapons
 s - a +2 vampiric war axe (weapon)
Missiles
 y - 2 throwing nets
Armour
 a - a +0 robe (melded)
 i - a +1 helmet (melded)
 p - a +2 pair of gloves (melded)
Jewellery
 f - a ring of resist corrosion (left branch)
 z - an amulet of regeneration
Scrolls
 e - 2 scrolls of poison
 j - a scroll of blinking {unknown}
 k - 4 scrolls of teleportation
 m - a scroll of enchant armour {unknown}
 q - a scroll of identify
 r - 2 scrolls of amnesia {unknown}
 t - a scroll of silence {unknown}
 u - a scroll of noise {unknown}
 w - 2 scrolls of immolation
 x - 3 scrolls of enchant weapon
Potions
 b - 2 potions of magic
 c - a potion of haste
 d - 2 potions of might
 g - a potion of ambrosia {unknown}
 h - 4 potions of curing
 l - 3 potions of invisibility
 n - 2 potions of resistance
 o - a potion of attraction
 v - 2 potions of lignification


   Skills:
 - Level 2.6 Fighting
 - Level 1.5 Dodging
 - Level 2.1 Stealth
 + Level 4.6 Spellcasting
 + Level 4.1 Conjurations
 + Level 3.3 Summonings
 - Level 0.7 Transmutations
 * Level 8.9 Earth Magic


You had 12 spell levels left.
You knew the following spells:

 Your Spells              Type           Power      Damage    Failure   Level
a - Sandblast             Erth           76%        2d16      1%          1
b - Stone Arrow           Conj/Erth      58%        3d10      2%          3

Your spell library contained the following spells:

 Spells                   Type           Power      Damage    Failure   Level
 Magic Dart               Conj           80%        1d7       2%          1
 Passwall                 Tmut/Erth      18%        N/A       2%          2
 Static Discharge         Conj/Air       24%        2-3/arc   9%          2
 Sting                    Tmut/Pois      20%        1d4       11%         1
 Summon Guardian Golem    Hex/Summ       10%        N/A       19%         3
 Petrify                  Tmut/Erth      22%        N/A       19%         4
 Poisonous Vapours        Pois/Air       8%         N/A       21%         2
 Ozocubu's Armour         Ice            4%         N/A       36%         3
 Vhi's Electric Charge    Tloc/Air       8%         N/A       36%         3
 Dispel Undead            Necr           4%         3d7       78%         4
 Olgreb's Toxic Radiance  Pois           4%         N/A       78%         4
 Arcjolt                  Conj/Air       6%         1d16      83%         5
 Lightning Bolt           Conj/Air       6%         1d18      83%         5
 Metabolic Englaciation   Hex/Ice        2%         N/A       98%         5
 Death Channel            Necr           2%         N/A       100%        6
 Simulacrum               Ice/Necr       2%         N/A       100%        6
 Orb of Destruction       Conj           10%        9d6       100%        7
 Spellforged Servitor     Conj/Summ      9%         N/A       100%        7
 Cigotuvi's Dreadful Rot  Necr/Pois/Air  Unusable   N/A       N/A         2

Dungeon Overview and Level Annotations

Branches:
Dungeon (6/15)             Temple (1/1) D:4

Altars:
Ashenzari
Cheibriados
Dithmenos
Elyvilon
Trog
Uskayaw
Vehumet
Wu Jian
Yredelemnul
Zin

Annotations:
D:6 Grinder


Innate Abilities, Weirdness & Mutations

You are a tree.
Your roots penetrate the ground, keeping you stationary.
You cannot be teleported.
You are immune to unholy pain and torment.
Your maximum health is greatly increased.
Your equipment is partially melded.
You are immune to sickness and miasma.
((Your stone body is resilient. (AC +5)))
You are immune to poison.
You resist negative energy. (rN+)
((You are resistant to electric shocks. (rElec)))
You are resistant to unholy torment.
You are immune to petrification.


Message History

The centaur kicks you but does no damage.
The centaur barely misses you.
The centaur kicks you but does no damage.
Maggie hits you with a +0 heavy long sword!
* * * LOW HITPOINT WARNING * * *
Casting: Sandblast (safe; 1% risk of failure)
Confirm with . or Enter, or press ? or * to list all spells.
Aiming: Sandblast (safe; 1% risk of failure)
Press: ? - help, Shift-Dir - straight line, f/p - Maggie
Aim: Maggie, wielding a +0 heavy long sword and wearing +0 steam dragon scales (severely wounded, mesmerising, 84% to hit)
The blast of sand hits Maggie!
You are no longer entranced.
You kill Maggie!
Vehumet accepts your kill.
You feel your power returning. The centaur hits you.
* * * LOW HITPOINT WARNING * * *
The centaur kicks you but does no damage.
The centaur hits you but does no damage.
The centaur kicks you but does no damage.
The howler monkey hits you but does no damage.
Your Conjurations skill increases to level 4!
Your Summonings skill increases to level 3!
Okay, then.
It was a potion of resistance.
You feel protected.
The centaur hits you but does no damage.
The centaur kicks you but does no damage.
The centaur hits you but does no damage.
The centaur kicks you but does no damage.
The howler monkey hits you.
* * * LOW HITPOINT WARNING * * *
It was a potion of attraction.
You feel attractive to monsters.
The centaur hits you but does no damage.
The centaur kicks you but does no damage.
The howler monkey hits you.
* * * LOW HITPOINT WARNING * * *
Grinder hits you but does no damage.
It was a potion of haste.
You feel yourself speed up. The centaur hits you.
You die...

###.#.###
#☼....○..○
###!.....○..
#...°#○☼.°?.
#.#.°○..☼☼°.
#.○.........
#○○......°°○
#.######°○.)5..○..○
#...☼..<°.☼♣h).....
########....c○..$..
#..######### #☼°#
#☼.# #... ##... ###


You could see Grinder, a centaur and a howler monkey.

Vanquished Creatures
  Maggie (D:6)
  2 ogres (D:5)
  A phantom (D:5)
  Blork the orc (D:5)
  2 necrophages (D:5)
  2 scorpions
  A jelly (D:4)
  2 hounds (D:4)
  4 iguanas
  2 orc wizards
  Robin (D:1)
  3 gnolls (D:2)
  12 adders
  3 worms
  16 dart slugs
  4 orcs
  8 ball pythons
  5 bats
  9 endoplasms
  2 giant cockroaches
  9 hobgoblins
  7 jackals
  6 quokkas
  A frilled lizard (D:3)
  11 goblins
  6 kobolds
  8 rats
129 creatures vanquished.

Vanquished Creatures (others)
  A wizard (D:4)
  An adder (D:6)
  An orc (D:6)
3 creatures vanquished.

Grand Total: 132 creatures vanquished

Notes
Turn   | Place    | Note
-------+----------+-------------------------------------------
     0 | D:1      | Crownlay the Gargoyle Earth Elementalist began the quest
                  | for the Orb.
     0 | D:1      | Reached XP level 1. HP: 10/10 MP: 3/3
   320 | D:1      | Reached skill level 4 in Earth Magic
   320 | D:1      | Reached XP level 2. HP: 16/16 MP: 3/5
   507 | D:1      | Reached skill level 1 in Fighting
  1080 | D:2      | Reached XP level 3. HP: 20/20 MP: 3/6
  1127 | D:2      | Noticed Robin
  1273 | D:1      | Killed Robin
  1503 | D:2      | Reached XP level 4. HP: 25/25 MP: 5/7
  1646 | D:2      | Reached skill level 5 in Earth Magic
  1902 | D:2      | Reached XP level 5. HP: 26/30 MP: 0/9
  2695 | D:3      | Learned a level 3 spell: Stone Arrow
  3273 | D:4      | Reached skill level 1 in Conjurations
  3273 | D:4      | Reached skill level 6 in Earth Magic
  3273 | D:4      | Reached XP level 6. HP: 36/36 MP: 5/10
  3310 | D:4      | Found a staircase to the Ecumenical Temple.
  3321 | Temple   | Entered the Ecumenical Temple
  3341 | Temple   | Became a worshipper of Vehumet
  3361 | D:4      | Identified the +1 whip of the Silent Majority {heavy, Int-4
                  | Dex+4}
  3468 | D:4      | Reached skill level 1 in Summonings
  3920 | D:4      | Reached * piety under Vehumet
  3920 | D:4      | Offered knowledge of Magic Dart by Vehumet.
  3921 | D:4      | Reached XP level 7. HP: 40/40 MP: 7/12
  3969 | D:4      | Found a white marble altar of Elyvilon.
  4101 | D:4      | Found a bloodstained altar of Trog.
  4102 | D:4      | Noticed a wizard
  4107 | D:4      | Killed a wizard
  4243 | D:5      | Entered Level 5 of the Dungeon
  4249 | D:5      | Reached skill level 7 in Earth Magic
  4498 | D:5      | Reached XP level 8. HP: 45/45 MP: 10/14
  4725 | D:5      | Found a broken altar of Ashenzari.
  4757 | D:5      | Reached skill level 8 in Earth Magic
  4884 | D:5      | Found a snail-covered altar of Cheibriados.
  5505 | D:5      | Noticed Blork the orc
  5511 | D:5      | Killed Blork the orc
  5638 | D:6      | Noticed Maggie
  5644 | D:6      | Noticed Grinder
  5651 | D:6      | Killed Maggie
  5651 | D:6      | HP: 3/67 [centaur (2)]
  5653 | D:6      | HP: 1/67 [howler monkey (1)]
  5654 | D:6      | Slain by a centaur

Illustrated notes

Levels and vault maps discovered:
D:1:      amcnicky_arrival_abandoned_market, layout_basic
D:2:      layout_loops_corners, minmay_increasing_density, uniq_robin
D:3:      layout_rooms, chequers_serial_rivers_micro_e
D:4:      kennysheep_slugbush, layout_basic, elyvilon_altar_3, trog_wizard,
          minmay_temple_entry_stoned_glass
D:5:      layout_layer_cave, mainiacjoe_overflow_alcove_1,
          mainiacjoe_overflow_concentric_impassable, uniq_blork_the_orc
D:6:      layout_loops_ring, mainiacjoe_overflow_tiny_flanked,
          nicolae_shop_self_help, uniq_maggie, uniq_grinder
Temple:   nicolae_temple_bog_church

Skill      XL: |  1  2  3  4  5  6  7  8 |
---------------+-------------------------+-----
Earth Magic    | 4 5 6 7 8 |  8.9
Fighting       | 1 2 |  2.6
Spellcasting   | 3 4 |  4.6
Conjurations   | 1 3 4 |  4.1
Summonings     | 1 2 3 |  3.3
Dodging        | |  1.5
Stealth        | |  2.1
Transmutations | |  0.7

Action                     |  1- 3 |  4- 6 |  7- 9 || total
---------------------------+-------+-------+-------++-------
  Melee: Unarmed           |    28 |       |       ||    28
         Dagger            |     5 |     9 |       ||    14
         War axe           |       |     2 |     3 ||     5
   Cast: Sandblast         |    54 |   112 |    46 ||   212
    Use: Scroll            |       |     3 |     4 ||     7
         Potion            |       |       |     4 ||     4
 Armour: Robe              |    42 |    32 |    13 ||    87
         Skin              |       |       |    34 ||    34
  Dodge: Dodged            |    60 |    43 |    21 ||   124

Table legend: (Time is in decaauts)
 A = Elapsed time spent in this place.
 B = Non-inter-level travel time spent in this place.
 C = Inter-level travel time spent in this place.
 D = Time resting spent in this place.
 E = Time spent auto-exploring this place.
 F = Levels seen in this place.
 G = Mean time per level.
                   A        B        C        D        E       F      G
               +--------+--------+--------+--------+--------+-----+--------+
         Total |   5777 |   5596 |    181 |      0 |   4727 |   7 |  825.3 |
       Dungeon |   5745 |   5573 |    172 |      0 |   4720 |   6 |  957.5 |
        Temple |     31 |     22 |      9 |      0 |      7 |   1 |   31.0 |
               +--------+--------+--------+--------+--------+-----+--------+

Top non-repeatable levels by time:
     D:2: 1435 daAuts
     D:5: 1405 daAuts
     D:1: 1188 daAuts
     D:4: 990 daAuts
     D:3: 698 daAuts
  Temple: 31 daAuts
     D:6: 27 daAuts
